Celery, chaotic female sylph Rogue ----------- -----.........| |.....`..`.`..| ----.|.|.`.-----.| |....-----..`.--`| |.`.I............| --.|....>..--.--.| --^|--------|.||.| |?.------...|.--.-- |?..^^^^^.``+.`...| ---------.<.|.....| |...|------ ----- Celery the Rogue Experience level: 6 Strength: 15 Dexterity: 19 Constitution: 12 Intelligence: 10 Wisdom: 9 Charisma: 9 Health: 0(47) Energy: 28(28) Def: 1 Gold: 488 Moves: 2334 Dungeon seed: IE52tCRzPfcgqL3J Game ID: Celery_1470064311 Your Inventory: Coins $ - 488 gold pieces Weapons a - an uncursed +0 short sword (weapon in hand) b - 9 uncursed +0 daggers (in quiver) w - 6 uncursed +0 darts L - 5 uncursed +0 daggers Armor e - a blessed +1 leather armor r - an uncursed +0 cloak of invisibility (being worn) y - an uncursed +0 pair of water walking boots Potions c - an uncursed potion of sickness i - an uncursed potion of gain energy s - an uncursed potion of booze t - an uncursed potion of water I - an uncursed potion of gain ability O - a cursed potion of levitation Q - an uncursed potion of extra healing R - an uncursed potion of sleeping Rings l - an uncursed ring of levitation P - an uncursed +1 ring of increase accuracy Wands h - an uncursed wand of opening (0:3) x - an uncursed wand of enlightenment (0:11) F - an uncursed wand of nothing (0:3) N - an uncursed wand of sleep (0:7) Tools d - an uncursed lock pick f - an uncursed sack g - an uncursed blindfold D - an uncursed can of grease (0:18) Gems n - an uncursed worthless piece of orange glass Spells and supernatural/magical abilities: Name Level Category Fail Memory W - pray for help -- divine ? -- Your skills at the end: Miscellaneous Skills wands [Basic] Weapon Skills dagger [Basic] short sword [Basic] Spellcasting Skills healing spells [Basic] Final Attributes: You were devoutly aligned. You saw invisible. You had infravision. You were invisible to others. You were stealthy. You were protected from shape changers. You were unlucky. Kos was angry with you. You are dead. Vanquished creatures: a shrieker a kitten a giant bat a gas spore a hobbit an acid blob a large kobold 5 geckos a gnome 2 jackals a fox 2 kobolds 4 newts a sewer rat 5 grid bugs 3 bats 5 lichens 36 creatures vanquished. Voluntary challenges: You had followed a strict vegetarian diet until turn 2117. You used a wielded weapon 45 times, starting on turn 64. You did not apply a unicorn horn. You read items or engraved 5 times, starting on turn 948. You never genocided any monsters. You never polymorphed an object. You never changed form. You used no wishes. You never split a pudding. You never wrote Elbereth's name. You violated your moral code, losing 1 point of alignment, starting on turn 2117. Dungeon overview: The Dungeons of Doom: levels 1 to 6 Level 1 a long staircase Level 2 Level 3 a fountain Level 4 an altar to Kos, a fountain stairs to The Gnomish Mines Level 5 many fountains Level 6 stairs to Sokoban The Gnomish Mines: Level 5 stairs to The Dungeons of Doom Sokoban: Level 5 <- You were here a magic chest stairs to The Dungeons of Doom History has recorded: On T:1 you entered the Dungeons of Doom to retrieve the Amulet of Yendor! On T:427 you reached level 2 of The Dungeons of Doom. On T:892 you reached level 3 of The Dungeons of Doom. On T:1120 you advanced to experience level 2. On T:1394 you advanced to experience level 3. On T:1490 you reached level 4 of The Dungeons of Doom. On T:1869 you reached level 1 of The Gnomish Mines. On T:1995 you reached level 5 of The Dungeons of Doom. On T:2003 you advanced to experience level 4. On T:2101 you advanced to experience level 5. On T:2102 you received advice from The Oracle. On T:2102 you advanced to experience level 6. On T:2195 you reached level 6 of The Dungeons of Doom. On T:2253 you reached level 4 of Sokoban. Score breakdown: Gold: 488 ( 48 points) Experience: 6 levels ( 500 points) Exploration: 6 levels ( 150 points) Discoveries: 4 items ( 200 points) Variety of kills: 17 monsters ( 850 points) Major goal: (nothing yet) ( 0 points) Survival: died (score multiplied by 3) Total score: 5244 Latest messages: You faint from lack of food. You come to. With great effort you move the boulder. You faint from lack of food. You come to. With great effort you move the boulder. You faint from lack of food. Something bumps right into you! Something claws you! (11x) You come to. You stab the paper golem. The paper golem claws you! You stab the paper golem. The paper golem claws you! You stab the paper golem. The paper golem claws you! You stab the paper golem. The paper golem claws you! You try to draw healing from your surroundings, but you are too weak. You stab the paper golem. The paper golem claws you! You faint from lack of food. Something claws you! (3x) You try to draw healing from your surroundings, but you are too weak. Something claws you! (3x) You die... Final status: Goodbye Celery the Rogue, killed by a paper golem, while fainted from lack of food... You died in Sokoban on dungeon level 5 with 5244 points, and 488 pieces of gold, after 2334 moves. You were level 6 with a maximum of 47 hit points when you died.